 Dungeon Crawl Stone Soup version 0.27.1-34-g3ba077fa99 (webtiles) character file.

Game seed: 2286319523870399062

63315 boopmooplesden the Severer (level 14, -5/117 HPs)
             Began as a Minotaur Fighter on Jan 1, 2022.
             Was the Champion of Hepliaklqana.
             Slain by a bunyip (18 damage)
             ... on level 3 of the Lair of Beasts.
             The game lasted 00:30:30 (20399 turns).

boopmooplesden the Severer (Minotaur Fighter)      Turns: 20399, Time: 00:30:31

Health: -5/117     AC: 26    Str: 25    XL:     14   Next: 67%
Magic:  13/13      EV: 10    Int:  6    God:    Hepliaklqana [******]
Gold:   663        SH:  0    Dex: 15    Spells: 13/13 levels left

rFire    . . .     SeeInvis .   a - +3 war axe
rCold    + . .     Faith    .   O - +3 kite shield {rC+}
rNeg     + . .     Spirit   .   I - +3 chain mail "Farphosho" {Will+}
rPois    +         Reflect  +   q - +1 hat {Will+}
rElec    .         Harm     .   j - +0 cloak
rCorr    +         Rampage  .   z - +0 pair of gloves
Will     +++..                  n - +5 pair of boots of the Poles {Slay+3}
Stlth    ..........             J - amulet of reflection
HPRegen  0.29/turn              P - ring of Eluib {Wiz Fly rN+ Dex+3 Slay-3}
MPRegen  0.13/turn              B - ring of the Mantidfly {rPois rCorr Str+2}

@: confused, about to teleport, ambrosia-drunk, flying, studying Axes
A: reduced essence, horns 2, retaliatory headbutt
a: Renounce Religion, Recall Ancestor, Ancestor Identity, Transference, Idealise


You were on level 3 of the Lair of Beasts.
You worshipped Hepliaklqana.
Hepliaklqana was exalted by your worship.
You visited 4 branches of the dungeon, and saw 19 of its levels.

You collected 1471 gold pieces.
You spent 808 gold pieces at shops.

Inventory:

Hand Weapons
 a - a +3 war axe (weapon)
 r - a +1 whip of electrocution
 x - a +0 vorpal flail
 C - a +2 battleaxe of flaming
Armour
 b - a +0 scale mail
 j - a +0 cloak (worn)
 k - a +0 plate armour
 m - +0 fire dragon scales
 n - the +5 pair of boots of the Poles (worn) {Slay+3}
   (You found it on level 4 of the Dungeon)

   Slay:      It affects your accuracy & damage with ranged weapons and melee
   (+3).
 q - a +1 hat of willpower (worn)
 z - a +0 pair of gloves (worn)
 I - the +3 chain mail "Farphosho" (worn) {Will+}
   (You bought it in a shop on level 11 of the Dungeon)

   Will:      It increases your willpower.
 O - a +3 kite shield of cold resistance (worn)
Jewellery
 c - a ring of wizardry
 s - a ring of flight
 y - a +4 ring of protection
 B - the ring of the Mantidfly (right hand) {rPois rCorr Str+2}
   (You bought it in a shop on level 10 of the Dungeon)

   [ring of resist corrosion]

   Str:       It affects your strength (+2).
   rPois:     It protects you from poison.
   rCorr:     It protects you from acid and corrosion.
 F - a ring of protection from cold
 J - an amulet of reflection (around neck)
 M - a ring of fire
 P - the ring of Eluib (left hand) {Wiz Fly rN+ Dex+3 Slay-3}
   (You found it on level 6 of the Lair of Beasts)

   [ring of wizardry]

   It improves your spell success rate.
   Dex:       It affects your dexterity (+3).
   Slay:      It affects your accuracy & damage with ranged weapons and melee
   (-3).
   rN:        It protects you from negative energy.
   Fly:       It grants you flight.
Wands
 o - a wand of iceblast (24)
 u - a wand of polymorph (28)
 A - a wand of acid (7)
 H - a wand of paralysis (23)
 L - a wand of flame (30)
 R - a wand of charming (10)
Scrolls
 f - 3 scrolls of blinking
 g - 7 scrolls of teleportation
 p - 6 scrolls of identify
 t - 5 scrolls of magic mapping
 E - 2 scrolls of fear
 G - a scroll of silence
 N - 3 scrolls of amnesia
Potions
 d - a potion of might
 e - 4 potions of lignification
 i - 2 potions of resistance
 l - 8 potions of curing
 v - a potion of attraction
 w - 3 potions of brilliance
 K - 2 potions of invisibility
 Q - a potion of flight {unknown}
Miscellaneous
 D - a box of beasts


   Skills:
 + Level 13.7 Fighting
 + Level 18.3(18.6) Axes
 + Level 6.5(13.7) Maces & Flails
 + Level 13.1 Armour
 + Level 4.4 Dodging
 + Level 6.1 Stealth
 + Level 14.1 Shields
 + Level 0.2 Evocations


You had 13 spell levels left.
You didn't know any spells.
Your spell library contained the following spells:

 Spells                   Type           Power      Damage    Failure   Level
 Animate Skeleton         Necr           0%         N/A       65%         1
 Apportation              Tloc           0%         N/A       65%         1
 Corona                   Hex            0%         N/A       65%         1
 Freeze                   Ice            0%         1d3       65%         1
 Pain                     Necr           0%         1d4       65%         1
 Sandblast                Erth           0%         2d4       65%         1
 Summon Small Mammal      Summ           0%         N/A       65%         1
 Passwall                 Tmut/Erth      0%         N/A       78%         2
 Sublimation of Blood     Necr           0%         N/A       78%         2
 Wereblood                Tmut           0%         N/A       78%         2
 Call Canine Familiar     Summ           0%         N/A       94%         3
 Frozen Ramparts          Ice            0%         1d2       94%         3
 Summon Guardian Golem    Hex/Summ       0%         N/A       94%         3
 Vampiric Draining        Necr           0%         2d6       94%         3
 Hailstorm                Conj/Ice       0%         3d3       100%        4
 Leda's Liquefaction      Hex/Erth       0%         N/A       100%        4
 Petrify                  Tmut/Erth      0%         N/A       100%        4
 Blade Hands              Tmut           0%         N/A       100%        5
 Bolt of Magma            Conj/Fire/Erth 0%         4d4       100%        5
 Irradiate                Conj/Tmut      0%         3d13      100%        5
 Iskenderun's Battlesphe  Conj           0%         2d6       100%        5
 Lee's Rapid Deconstruct  Erth           0%         3d5*      100%        5
 Metabolic Englaciation   Hex/Ice        0%         N/A       100%        5
 Dispersal                Tloc           0%         N/A       100%        6
 Eringya's Noxious Bog    Tmut/Pois      0%         N/A       100%        6
 Iron Shot                Conj/Erth      0%         9d1       100%        6
 Statue Form              Tmut/Erth      0%         N/A       100%        6
 Dragon Form              Tmut           0%         N/A       100%        7
 Spellforged Servitor     Conj/Summ      0%         N/A       100%        7
 Summon Hydra             Summ           0%         N/A       100%        7
 Disjunction              Tloc           0%         N/A       100%        8


Dungeon Overview and Level Annotations

Branches:
Dungeon (11/15)            Temple (1/1) D:5            Lair (6/6) D:11
  Swamp (1/4) Lair:3        Snake (0/4) Lair:2        Slime (0/5) Lair:5
    Orc: D:9-12

Altars:
Ashenzari
Cheibriados
Dithmenos
Elyvilon
Fedhas
Gozag
Hepliaklqana
Kikubaaqudgha
Makhleb
Nemelex Xobeh
Okawaru
Qazlal
Ru
Sif Muna
Trog
Uskayaw
Vehumet
Wu Jian
Xom
Yredelemnul
Zin
The Shining One
Lugonu

Shops:
D:4 *   D:8 *!   D:10 =[   D:11 *

Annotations:
Swamp:1 Jorgrun


Innate Abilities, Weirdness & Mutations

Your life essence is reduced to manifest your ancestor. (-10% HP)
You have a pair of horns on your head.
You reflexively headbutt those who attack you in melee.


Message History

The vampire mosquito is severely damaged.
You slash the swamp worm!
You kill the swamp worm!
You hack one of the six-headed hydra's heads off!
The five-headed hydra grows two more!
You slash the seven-headed hydra! You hit the bunyip but do no damage.
You slash the vampire mosquito! The vampire mosquito bites you.
* * * LOW HITPOINT WARNING * * *
The vampire mosquito bites you but does no damage.
You block the seven-headed hydra's attack. x2
The seven-headed hydra barely misses you.
The seven-headed hydra closely misses you.
The seven-headed hydra bites you.
* * * LOW HITPOINT WARNING * * *
The seven-headed hydra bites you.
* * * LOW HITPOINT WARNING * * *
You block the seven-headed hydra's attack.
The vampire mosquito bites you but does no damage.
Your shield and chain mail "Farphosho" prevent you from hitting the vampire mosquito.
Your headbutt misses the vampire mosquito.
The vampire mosquito is severely damaged.
You hit the vampire mosquito. You hit the bunyip.
You hit the seven-headed hydra.
You block the vampire mosquito's attack. x2
The vampire mosquito barely misses you. You furiously retaliate!
You headbutt the vampire mosquito!
The seven-headed hydra barely misses you.
You block the seven-headed hydra's attack.
The seven-headed hydra misses you.
The seven-headed hydra bites you but does no damage. x2
The seven-headed hydra bites you!
* * * LOW HITPOINT WARNING * * *
The seven-headed hydra bites you.
* * * LOW HITPOINT WARNING * * *
Unknown command.
You are confused.
You feel invigorated.
The vampire mosquito bites you but does no damage.
The bunyip claws you!!
You die...

.###..#....##..###...............
######.....##..###......P####PP..
#..####....P#...........######P..
#....##.........#.......##.#####.
#....##..........#......+.....##.
'[...#P.........#.............##.
##.###......#..##§§.....##...###.
####.#.......#####......##...###.
.##.##........yx@y......###.##.#.
...............D§y§..............
................§§...............
................§§.§.............
.................................
...................§.............
.......................#..###..#.
.......................#.##...##.
..........##..###......###.....##


You could see a bunyip, a seven-headed hydra and 3 vampire mosquitoes.

Vanquished Creatures
  Rupert (Lair:4)
  2 entropy weavers (D:10)
  Josephine (Lair:5)
  A fire dragon (Lair:6)
  6 hydras
  2 catoblepae (Lair:4)
  2 ghost crabs (D:10)
  3 two-headed ogres
  2 death yaks (Lair:4)
  5 fire crabs (D:10)
  Pikel (D:4)
  A lindwurm (Lair:6)
  The ghost of eliilek the Agent of Entropy, a novice DsAK of Lugonu (D:6)
  A deep elf pyromancer (D:8)
  A cyclops (D:11)
  An oklob plant (Lair:2)
  3 ugly things (D:9)
  6 elephants
  An apocalypse crab (D:10)
  8 black mambas
  A gargoyle (D:10)
  3 molten gargoyles (Lair:6)
  2 kobold demonologists (D:11)
  An unseen horror (D:10)
  9 cane toads
  6 rime drakes
  17 komodo dragons
  2 trolls (D:9)
  8 polar bears
  A hornet (D:10)
  A dream sheep (D:7)
  10 blink frogs
  A raiju (D:9)
  4 small abominations (D:9)
  A shadow (D:10)
  5 wyverns
  4 wraiths (Lair:5)
  A hog (D:7)
  33 yaks
  5 steam dragons
  4 basilisks
  A swamp worm (Lair:3)
  Menkaure (D:4)
  13 water moccasins
  2 nagas (Lair:2)
  2 hell hounds (Lair:6)
  An acid dragon (D:9)
  5 black bears
  An ice beast (D:6)
  An orc warrior (D:8)
  9 wolves
  A necrophage (D:6)
  2 ogres
  9 centaurs
  3 lemures (D:4)
  8 bullfrogs
  3 kobold brigands
  A gnoll sergeant (D:8)
  2 scorpions
  A wyvern zombie (D:6)
  A hexer (Lair:3)
  6 killer bees (D:11)
  A water moccasin skeleton (D:7)
  3 electric eels
  A howler monkey (D:6)
  A crimson imp (D:3)
  4 lava snakes (Lair:6)
  4 centaur zombies
  A jelly (D:8)
  A hound (D:4)
  Crazy Yiuf (D:2)
  4 orc priests
  A bullfrog skeleton (D:5)
  4 iguanas
  7 orc wizards
  Natasha (thrice) (D:3)
  6 hell rats (Lair:4)
  A centaur simulacrum (D:6)
  A hound skeleton (D:5)
  A spectral howler monkey (D:6)
  A howler monkey zombie (D:6)
  Robin (D:3)
  11 gnolls
  5 adders
  A shadow imp (D:5)
  2 white imps (D:7)
  An ufetubus (D:5)
  An adder skeleton (D:3)
  A worm (D:2)
  2 dart slugs
  17 orcs
  3 ball pythons
  6 bats
  7 endoplasms
  4 giant cockroaches
  14 goblins
  9 hobgoblins
  8 jackals (D:2)
  17 kobolds
  4 quokkas
  3 frilled lizards
  2 goblin skeletons (D:3)
  3 goblin zombies (D:3)
  3 hobgoblin zombies (D:3)
  A jackal skeleton (D:4)
  3 kobold zombies (D:3)
  An orc zombie (D:3)
  4 rats
421 creatures vanquished.

Vanquished Creatures (collateral kills)
  A hydra (Lair:5)
  A death yak (Lair:4)
  A cyclops (D:11)
  An elephant (Lair:6)
  3 black mambas
  2 cane toads
  4 komodo dragons
  A polar bear (Lair:6)
  A blink frog (Lair:6)
  8 yaks
  A basilisk (Lair:1)
  A steam dragon (Lair:3)
  4 water moccasins
  A hell hound (Lair:6)
  A black bear (D:6)
  A sky beast (D:6)
  A wolf (Lair:3)
  A phantom (D:6)
  3 bullfrogs
  A lava snake (Lair:6)
  A hound (D:7)
  A gnoll shaman (D:6)
  An orc priest (D:6)
  A centaur skeleton (D:6)
  4 orc wizards
  2 gnolls
  4 orcs
52 creatures vanquished.

Vanquished Creatures (others)
  A bloated husk (Swamp:1)
  12 hexers
  21 fungi
  31 plants
65 creatures vanquished.

Grand Total: 538 creatures vanquished

Notes
Turn   | Place    | Note
-------+----------+-------------------------------------------
     0 | D:1      | boopmooplesden the Minotaur Fighter began the quest for the
                  | Orb.
     0 | D:1      | Reached XP level 1. HP: 19/19 MP: 0/0
   352 | D:1      | Reached XP level 2. HP: 27/27 MP: 1/1
   486 | D:1      | Found a faded altar of an unknown god.
   777 | D:2      | Found a runed translucent door.
   778 | D:2      | Noticed Crazy Yiuf
  1190 | D:2      | Reached XP level 3. HP: 33/33 MP: 2/2
  1321 | D:2      | Reached skill level 3 in Axes
  2274 | D:2      | Killed Crazy Yiuf
  2275 | D:2      | Reached XP level 4. HP: 38/41 MP: 3/3
  2628 | D:3      | Reached XP level 5. HP: 40/47 MP: 4/4
  2862 | D:3      | Found a shadowy altar of Dithmenos.
  2862 | D:3      | Noticed Robin
  2883 | D:3      | Reached skill level 4 in Axes
  2885 | D:3      | Killed Robin
  2887 | D:3      | Reached skill level 5 in Shields
  2889 | D:3      | Noticed Natasha
  2891 | D:3      | Killed Natasha
  2895 | D:3      | Noticed Natasha
  2900 | D:3      | Killed Natasha
  2998 | D:3      | Noticed Natasha
  3003 | D:3      | Killed Natasha
  3126 | D:3      | Found a glowing golden altar of the Shining One.
  3146 | D:3      | Reached skill level 5 in Axes
  3146 | D:3      | Reached skill level 1 in Dodging
  3146 | D:3      | Reached XP level 6. HP: 51/53 MP: 5/5
  3305 | D:4      | Reached skill level 5 in Armour
  3636 | D:4      | Noticed Menkaure
  3645 | D:4      | Killed Menkaure
  3893 | D:4      | Found an ancient bone altar of Kikubaaqudgha.
  3950 | D:4      | Reached XP level 7. HP: 60/60 MP: 6/6
  3951 | D:4      | Identified the +5 pair of boots of the Poles {Slay+3}
  4082 | D:4      | Noticed Pikel
  4088 | D:4      | HP: 1/60 [Pikel (19)]
  4122 | D:5      | Entered Level 5 of the Dungeon
  4350 | D:5      | Found a staircase to the Ecumenical Temple.
  4358 | Temple   | Entered the Ecumenical Temple
  4369 | Temple   | Became a worshipper of Hepliaklqana the Forgotten
  4517 | D:5      | Reached skill level 5 in Fighting
  4930 | D:4      | Found Wiunk's General Store.
  4939 | D:4      | Bought a +1 hat of willpower for 160 gold pieces
  5023 | D:4      | Killed Pikel
  5024 | D:4      | Reached skill level 7 in Axes
  5024 | D:4      | Reached XP level 8. HP: 36/70 MP: 7/7
  5057 | D:6      | Reached * piety under Hepliaklqana
  5335 | D:6      | Reached skill level 8 in Axes
  5938 | D:6      | Found a blossoming altar of Fedhas.
  5943 | D:6      | Reached skill level 9 in Axes
  5943 | D:6      | Reached XP level 9. HP: 70/70 MP: 8/8
  5947 | D:6      | Found a runed translucent gate.
  5947 | D:6      | Found a runed translucent gate.
  5947 | D:6      | Found a runed translucent gate.
  6054 | D:6      | Noticed eliilek's ghost (novice DsAK)
  6593 | D:7      | Reached ** piety under Hepliaklqana
  6611 | D:7      | Reached skill level 1 in Stealth
  6759 | D:7      | Noticed a two-headed ogre
  6768 | D:7      | Killed a two-headed ogre
  6769 | D:7      | Reached skill level 10 in Axes
  6770 | D:7      | Remembered your ancestor Henutmehyt as a hexer
  7074 | D:7      | Found a huge runed translucent gate.
  7077 | D:7      | Noticed a polar bear
  7077 | D:7      | Noticed a polar bear
  7080 | D:7      | Noticed a polar bear
  7081 | D:7      | Found a huge runed translucent gate.
  7113 | D:7      | Found a huge runed translucent gate.
  7114 | D:7      | Found a huge runed translucent gate.
  7114 | D:7      | Noticed a polar bear
  7114 | D:7      | Noticed a polar bear
  7326 | D:7      | Killed a polar bear
  7327 | D:7      | Reached skill level 11 in Axes
  7327 | D:7      | Reached XP level 10. HP: 77/77 MP: 7/9
  7372 | D:7      | Reached skill level 12 in Axes
  7568 | D:8      | Noticed a deep elf pyromancer
  7574 | D:8      | Killed a deep elf pyromancer
  7708 | D:8      | Found Zin's Purification Station.
  7993 | D:8      | Found a glowing silver altar of Zin.
  8157 | D:8      | Reached *** piety under Hepliaklqana
  8204 | D:8      | Found Awirgh's Distillery.
  8975 | D:6      | Killed eliilek's ghost
  8976 | D:6      | Reached XP level 11. HP: 64/81 MP: 10/10
  9157 | D:9      | Reached skill level 13 in Axes
  9201 | D:9      | Reached skill level 10 in Armour
  9289 | D:9      | Found a basalt altar of Yredelemnul.
  9323 | D:9      | Found a transporter.
  9326 | D:9      | Found a transporter.
  9862 | D:9      | Reached **** piety under Hepliaklqana
  9925 | D:9      | Noticed a green ugly thing
  9925 | D:9      | Noticed a green ugly thing
  9927 | D:9      | Noticed a white ugly thing
  9928 | D:9      | Found a corrupted altar of Lugonu.
 10213 | D:9      | Killed a green ugly thing
 10214 | D:9      | Killed a green ugly thing
 10224 | D:9      | Killed a green ugly thing
 10358 | D:10     | Entered Level 10 of the Dungeon
 10358 | D:10     | Found Niusem's Jewellery Shoppe.
 10368 | D:10     | Reached skill level 14 in Axes
 10368 | D:10     | Reached skill level 10 in Shields
 10438 | D:10     | Bought the ring of the Mantidfly {rPois rCorr Str+2} for
                  | 354 gold pieces
 10560 | D:10     | Noticed a two-headed ogre
 10567 | D:10     | Killed a two-headed ogre
 10693 | D:10     | Found a hide-covered altar of Uskayaw.
 10732 | D:10     | Found a runed translucent door.
 10854 | D:10     | Found an ornate altar of the Wu Jian Council.
 10913 | D:10     | Found Pyuz's Armour Shop.
 10967 | D:10     | Noticed a fire crab
 11013 | D:10     | Killed a fire crab
 11282 | D:10     | Noticed a fire crab
 11286 | D:10     | Killed a fire crab
 11292 | D:10     | Identified a scroll of acquirement
 11292 | D:10     | Acquired a manual of Axes
 11300 | D:10     | Noticed a fire crab
 11313 | D:10     | Killed a fire crab
 11475 | D:10     | Noticed a fire crab
 11475 | D:10     | Noticed a fire crab
 11478 | D:10     | Killed a fire crab
 11479 | D:10     | Reached skill level 15 in Axes
 11479 | D:10     | Reached XP level 12. HP: 87/95 MP: 11/11
 11492 | D:10     | Reached skill level 10 in Fighting
 11721 | D:10     | Noticed an entropy weaver
 11729 | D:10     | Killed an entropy weaver
 11733 | D:10     | Noticed a ghost crab
 11748 | D:10     | Killed a ghost crab
 11780 | D:10     | Noticed a ghost crab
 11784 | D:10     | Noticed an entropy weaver
 11795 | D:10     | Killed a ghost crab
 11798 | D:10     | Killed an entropy weaver
 11799 | D:10     | Reached skill level 16 in Axes
 12124 | D:11     | Found a radiant altar of Vehumet.
 12266 | D:11     | Noticed a two-headed ogre
 12279 | D:11     | Killed a two-headed ogre
 12280 | D:11     | Found a staircase to the Lair.
 12505 | D:11     | Reached ***** piety under Hepliaklqana
 12745 | D:11     | Found Cicib's Assorted Antiques.
 12753 | D:11     | Bought a jewelled chain mail for 294 gold pieces
 12753 | D:11     | Identified the +3 chain mail "Farphosho" {Will+} (You
                  | bought it in a shop on level 11 of the Dungeon)
 12796 | Lair:1   | Entered Level 1 of the Lair of Beasts
 12959 | Lair:1   | Reached skill level 17 in Axes
 13359 | Lair:1   | Reached XP level 13. HP: 104/104 MP: 12/12
 14008 | Lair:2   | Found a staircase to the Snake Pit.
 14432 | Lair:2   | Found an opulent altar of Gozag.
 15210 | Lair:3   | Reached skill level 1 in Maces & Flails
 15276 | Lair:3   | Reached skill level 5 in Stealth
 16028 | Lair:3   | Found a staircase to the Swamp.
 16316 | Lair:3   | Got Sif Muna's Tome of Companions and Changing
 16536 | Lair:4   | You fall into a shaft and drop 2 floors!
 16536 | Lair:6   | Entered Level 6 of the Lair of Beasts
 16536 | Lair:6   | Reached ****** piety under Hepliaklqana
 17059 | Lair:6   | Identified the +2 leather armour of Cynicism {Str+7 Int-3}
 17087 | Lair:6   | Reached skill level 18 in Axes
 17087 | Lair:6   | Reached XP level 14. HP: 76/116 MP: 13/13
 17556 | Lair:6   | Found a large runed translucent door.
 17563 | Lair:6   | Found a large runed translucent door.
 17863 | Lair:6   | Identified the ring of Eluib {Wiz Fly rN+ Dex+3 Slay-3}
 18385 | Lair:5   | Reached skill level 5 in Maces & Flails
 18646 | Lair:5   | Noticed Josephine
 18658 | Lair:5   | Killed Josephine
 19167 | Lair:5   | Found a staircase to the Slime Pits.
 19510 | Lair:4   | Noticed Rupert
 19522 | Lair:4   | Killed Rupert
 20381 | Swamp:1  | Entered Level 1 of the Swamp
 20381 | Swamp:1  | Noticed Jorgrun
 20399 | Lair:3   | Slain by a bunyip

Illustrated notes

Levels and vault maps discovered:
D:1:      dpeg_arrival_boxorama, layout_basic,
          dreamdust_ecumenical_altar_statues
D:2:      layout_basic, minmay_misc_feat_five, uniq_crazy_yiuf_cottage
D:3:      layout_basic, lemuel_round_altar, nicolae_tso_besieged_by_evil,
          minmay_increasing_density, uniq_robin, uniq_natasha
D:4:      layout_rooms, mainiacjoe_overflow_brackets, serial_shops,
          shop_fountains, kennysheep_small_square, uniq_menkaure, uniq_pikel
D:5:      layout_basic, temple_doors_e
D:6:      layout_layer_cave, fedhas_altar_1, gammafunk_ghost_necromancy,
          chequers_serial_rivers_micro_b
D:7:      lemuel_bear_cage, layout_rooms
D:8:      layout_layer_cave, zin_purify, serial_shops, shop,
          minmay_crystal_room, small_statue_intersection
D:9:      gammafunk_corrupted_shrine, layout_basic, old_standard_altar,
          grunt_decor_resistance
D:10:     gammafunk_mikee_crab_dinner, layout_cross,
          lemuel_coloured_pillars_altar, mainiacjoe_overflow_alcove_2,
          serial_shops, shop, nicolae_shop_stone, grunt_ministairs_10,
          serial_bayou_crossing
D:11:     cheibrodos_helix_gallery, layout_basic, david_lair_generic,
          serial_shops, shop_statue, vehumet_crystals
Temple:   eino_temple_lava
Lair:1:   layout_chaotic_city, amcnicky_mini_pool_medium
Lair:2:   layout_small_grid, guppyfry_snake_entry_garden, basic_altar,
          beast_lair_carwin_9, lemuel_fruit_fields
Lair:3:   layout_regular_city, swamp_mist, serial_bayou_shore_a,
          infiniplex_staircase_pool
Lair:4:   layout_hall_layers, uniq_rupert
Lair:5:   beast_lair_carwin_large_3, layout_long_grid, dpeg_slime_entry_corner,
          hangedman_lair_unloving_vines, uniq_josephine
Lair:6:   cheibrodos_lair_end_hotspot, layout_hall_layers,
          chequers_serial_rivers_small_a
Swamp:1:  layout_basic_swamp, gammafunk_ghost_necromancy,
          infiniplex_staircase_pool_2, uniq_jorgrun, uniq_roxanne

Skill      XL: |  1  2  3  4  5  6  7  8  9 10 11 12 13 14 |
---------------+-------------------------------------------+-----
Shields        | 4 5 6 7 8 9 10 11 13 14 | 14.1
Fighting       | 4 5 6 7 8 9 11 13 | 13.7
Armour         | 4 5 7 9 11 12 13 | 13.1
Axes           | 3 5 7 9 11 12 15 17 18 | 18.3
Dodging        | 1 2 3 4 |  4.4
Stealth        | 2 3 4 5 6 |  6.1
Maces & Flails | 3 6 |  6.5
Evocations     | |  0.2

Action                   |  1- 3 |  4- 6 |  7- 9 | 10-12 | 13-15 || total
-------------------------+-------+-------+-------+-------+-------++-------
Melee: War axe           |    95 |   147 |   158 |   426 |   371 ||  1197
       Headbutt          |    13 |    23 |    31 |   101 |   158 ||   326
       Flail             |       |       |       |       |   148 ||   148
Invok: Recall Ancestor   |       |       |     1 |     1 |     1 ||     3
       Ancestor Life: He |       |       |     1 |       |       ||     1
Evoke: Wand              |       |       |       |       |     2 ||     2
  Use: Scroll            |       |     7 |     2 |    10 |     8 ||    27
       Potion            |       |     1 |     1 |     3 |     6 ||    11
 Stab: Distracted        |       |       |     2 |     4 |     9 ||    15
       Confused          |       |       |       |     7 |    12 ||    19
       Petrified         |       |       |       |       |     3 ||     3
       Petrifying        |       |       |       |       |     1 ||     1
Armor: Scale mail        |    50 |    88 |       |       |       ||   138
       Plate armour      |       |       |   109 |   267 |       ||   376
       Chain mail        |       |       |       |    29 |   250 ||   279
Dodge: Dodged            |    35 |    52 |    31 |    93 |   118 ||   329
Block: Kite shield       |    65 |    83 |   100 |   269 |   445 ||   962
       Reflection        |       |       |       |       |     9 ||     9
